Map: Blueshift LE

Players

Sketchaphone

  • Race: Zerg Zerg
  • League: Gold
  • Spawn Location: 1:00

VVV - Winner!

  • Race: Protoss Protoss
  • Spawn Location: 7:00

VOD

Have the link to the VOD?

Description

Time

  • Played on: Nov. 10, 2018, 1:20 p.m.
  • Length: 16:27
Show
View Real Time Build Order
Export as new Build Order

Sketchaphone Zerg 

Build Orders: Hatch First, Swarm Host 

Get SALT Encoding   

  12  0:01  Drone  
  13  0:12  Overlord  
  13  0:20  Drone  
  14  0:32  Drone  
  14  0:33  Drone  
  16  0:38  Drone  
  17  0:59  Hatchery  
  16  1:13  Spawning Pool  
  16  1:16  Drone  
  16  1:18  Extractor  
  16  1:25  Drone  
  16  1:34  Overlord  
  16  1:35  Drone  
  17  1:45  Drone  
  18  1:52  Overlord  
  18  2:02  Queen  
  18  2:04  Drone  
  21  2:13  Queen  
  23  2:28  Drone x4  
  26  2:33  Zergling x2  
  26  2:36  Drone  
  28  2:49  Queen  
  30  2:52  Overlord  
  30  2:53  Drone  
  31  3:01  Overlord  
  31  3:13  Drone x2  
  31  3:14  Hatchery  
  32  3:23  Overlord x2  
  32  3:25  Drone  
  33  3:30  Metabolic Boost  
  33  3:48  Zergling x12  
  39  3:53  Drone x2  
  39  3:54  Drone  
  39  3:55  Drone  
  43  4:02  Drone  
  44  4:31  Overlord  
  44  4:33  Evolution Chamber  
  43  4:40  Overlord, Roach Warren  
  42  4:50  Overlord  
  42  4:56  Queen  
  43  5:07  Drone  
  43  5:08  Drone x2  
  43  5:19  Zerg Missile Weapons Level 1  
  43  5:21  Lair  
  43  5:22  Drone x3  
  43  5:23  Drone x2  
  43  5:25  Drone  
  43  5:26  Drone  
  43  5:27  Drone x3  
  53  5:40  Hatchery  
  54  5:57  Roach x8  
  54  6:01  Drone x3, Extractor  
  54  6:02  Overlord  
  67  6:27  Extractor  
  67  6:28  Extractor  
  65  6:33  Zergling x30  
  80  6:46  Overlord, Drone x3  
  83  6:47  Overlord  
  83  6:58  Evolution Chamber  
  83  6:59  Hydralisk Den  
  81  7:02  Hatchery  
  81  7:06  Drone x7  
  87  7:11  Drone  
  87  7:12  Overlord  
  76  7:47  Roach x13  
  89  7:55  Roach  
  86  8:00  Grooved Spines  
  86  8:01  Zerg Missile Weapons Level 2  
  86  8:02  Glial Reconstitution  
  86  8:04  Zerg Ground Armor Level 1  
  86  8:11  Overseer  
  86  8:13  Overseer  
  86  8:31  Hydralisk x3  
  92  8:36  Extractor  
  92  8:37  Extractor  
  92  8:40  Queen  
  92  8:41  Overlord x2  
  92  8:42  Overlord x2  
  92  8:43  Zergling x16  
  92  8:48  Overseer  
  96  8:58  Roach x6  
  103  9:06  Roach  
  103  9:07  Roach x2  
  87  9:17  Roach x5  
  87  9:19  Ravager  
  87  9:22  Roach x2  
  95  9:27  Drone x3  
  95  9:30  Overlord  
  99  9:31  Drone  
  99  9:42  Overseer  
  99  9:49  Roach x7  
  113  10:03  Pneumatized Carapace  
  113  10:08  Zerg Ground Armor Level 2  
  113  10:10  Infestation Pit  
  113  10:13  Muscular Augments  
  112  10:25  Roach x5  
  122  10:34  Hydralisk  
  122  10:35  Hydralisk  
  116  10:36  Roach x4  
  122  10:45  Tunneling Claws  
  122  10:54  Swarm Host x2  
  122  10:56  Zergling x10  
  133  11:00  Drone x3  
  136  11:10  Hydralisk  
  136  11:11  Hydralisk x2  
  142  11:19  Queen  
  142  11:25  Hydralisk x3  
  150  11:44  Roach, Hydralisk x6  
  150  11:47  Zergling x2, Drone  
  165  11:57  Drone x7  
  165  12:00  Extractor  
  170  12:24  Zergling x4  
  170  12:27  Pathogen Glands  
  170  12:28  Zerg Melee Weapons Level 1  
  172  12:31  Hive  
  172  12:32  Burrow  
  172  12:35  Drone x7  
  179  12:42  Overseer  
  179  12:45  Roach  
  179  12:46  Roach x3, Hydralisk  
  188  12:55  Zergling x26  
  188  12:56  Zergling x2  
  152  13:24  Roach x12  
  145  13:38  Swarm Host  
  145  13:39  Roach, Swarm Host x4  
  147  13:51  Zergling x6  
  145  13:57  Spine Crawler  
  145  13:58  Spore Crawler  
  145  14:00  Roach x3  
  112  14:17  Roach x11  
  104  14:30  Roach x11  
  102  14:36  Hatchery  
  102  14:37  Roach x7  
  102  14:38  Roach x3  
  75  14:59  Roach x3, Hydralisk  
  72  15:00  Hydralisk x5  
  69  15:15  Zergling x2  
  64  15:38  Roach x2  
  68  15:44  Roach x11  
Show
View Real Time Build Order
Export as new Build Order

VVV Protoss - Winner!

Build Orders:  

Get SALT Encoding   

  12  0:01  Probe  
  13  0:13  Pylon  
  13  0:18  Probe  
  14  0:32  Gateway  
  14  0:35  Probe  
  15  0:42  Assimilator  
  15  0:47  Probe  
  16  0:59  Probe  
  17  1:11  Probe  
  18  1:21  Cybernetics Core  
  18  1:30  Zealot  
  20  1:32  Probe  
  21  1:47  Nexus  
  21  2:01  Probe, Warp Gate  
  22  2:09  Twilight Council  
  22  2:11  Pylon  
  22  2:26  Charge  
  22  2:32  Zealot  
  23  2:49  Probe  
  24  3:01  Probe  
  24  3:05  Zealot  
  27  3:09  Probe  
  27  3:12  Nexus  
  28  3:16  Probe  
  29  3:22  Probe  
  30  3:35  Gateway  
  30  3:38  Gateway  
  30  3:42  Probe x2  
  32  3:54  Forge  
  32  3:59  Pylon  
  32  4:00  Pylon  
  32  4:05  Probe  
  32  4:06  Probe  
  34  4:18  Protoss Ground Weapons Level 1, Probe x2  
  34  4:19  Pylon  
  36  4:30  Zealot, Probe  
  39  4:32  Zealot  
  39  4:33  Probe  
  39  4:34  Probe  
  43  4:42  Photon Cannon  
  43  4:49  Photon Cannon  
  43  4:50  Probe  
  43  4:51  Probe  
  45  4:53  Probe  
  45  4:59  Photon Cannon  
  37  5:11  Probe x3  
  38  5:17  Pylon  
  38  5:23  Probe  
  38  5:25  Photon Cannon  
  39  5:29  Probe  
  39  5:30  Probe  
  39  5:35  Photon Cannon  
  41  5:40  Probe  
  41  5:41  Zealot  
  44  5:45  Probe x2  
  46  5:54  Protoss Ground Weapons Level 2  
  44  6:03  Probe x3  
  44  6:19  Gateway  
  44  6:20  Gateway  
  44  6:21  Gateway  
  44  6:23  Gateway  
  44  6:30  Photon Cannon  
  44  6:40  Photon Cannon  
  44  6:42  Probe x3  
  47  6:52  Gateway  
  47  6:54  Pylon  
  47  6:57  Photon Cannon  
  47  6:59  Probe x3  
  50  7:11  Zealot x2  
  50  7:12  Zealot  
  56  7:17  Pylon  
  56  7:21  Pylon  
  56  7:23  Pylon  
  56  7:27  Pylon  
  49  7:37  Zealot x2  
  49  7:38  Zealot x3  
  49  7:41  Zealot  
  53  7:52  Protoss Ground Weapons Level 3  
  53  7:54  Probe  
  53  7:55  Probe x2  
  54  8:01  Zealot x4  
  54  8:02  Zealot  
  64  8:17  Photon Cannon  
  64  8:33  Zealot  
  64  8:34  Zealot x4  
  70  8:36  Zealot  
  76  8:53  Probe x3  
  65  9:04  Nexus  
  65  9:05  Zealot x4  
  59  9:24  Zealot x2  
  53  9:34  Probe x3  
  56  9:40  Zealot  
  56  9:41  Zealot x3  
  64  9:46  Probe, Gateway  
  64  9:47  Gateway  
  64  9:48  Gateway  
  64  9:50  Gateway  
  64  9:52  Gateway x2  
  65  9:55  Pylon  
  65  9:59  Zealot x3  
  71  10:28  Protoss Shields Level 1  
  45  10:50  Templar Archives  
  45  10:51  Nexus  
  45  10:53  Zealot  
  45  10:54  Zealot x4  
  45  10:55  Zealot x6  
  45  10:56  Zealot x2  
  71  11:00  Assimilator  
  71  11:27  High Templar x2  
  71  11:28  High Templar x2  
  71  11:31  Zealot x4  
  71  11:32  Zealot x4  
  93  11:33  Zealot  
  93  11:34  Archon x2  
  97  11:43  Assimilator  
  97  11:45  Assimilator  
  97  11:46  Assimilator  
  97  11:50  Assimilator  
  83  12:17  Cybernetics Core  
  83  12:19  Zealot  
  83  12:20  Zealot x4  
  83  12:21  Zealot x6  
  83  12:22  Zealot x2  
  109  12:43  Nexus  
  105  13:19  High Templar x2  
  109  13:20  High Templar  
  109  13:26  Nexus  
  105  13:34  Archon  
  105  13:38  Zealot x3  
  105  13:39  Zealot  
  105  13:40  Zealot  
  81  14:34  Zealot x6  
  81  14:35  Zealot x5  
  81  14:36  Zealot  
  76  15:08  Probe x4  
  80  15:20  Probe x4  
  84  15:27  Zealot x2  
  87  15:32  Probe x2  
  73  16:05  Zealot x3  
Tags
 
Composition
Swarm Host
League
Gold
Matchup
PvZ
Replay Pack
init
Spawn Locations
Cross Positions
Add a new tag
Caveats
  • Supply blocks, unpowered buildings, or Contaminate may cause inaccurate times.
  • Supply counts are checked every 10 seconds.